 Dungeon Crawl Stone Soup version 0.17-a0-1403-g9df874c (webtiles) character file.

804 nono the Covered (level 7, -4/48 HPs)
             Began as a Gargoyle Fighter on June 20, 2015.
             Slain by Pikel
             ... wielding a +0 whip of flaming
              (8 damage)
             ... on level 4 of the Dungeon.
             The game lasted 00:07:55 (2970 turns).

nono the Covered (Gargoyle Fighter)                 Turns: 2970, Time: 00:07:57

Health: -4/48      AC: 16    Str: 19    XL:     7   Next: 91%
Magic:  7/7        EV:  7    Int:  6    God:
Gold:   258        SH:  9    Dex: 11    Spells: 0 memorised, 6 levels left

rFire  . . .     SeeInvis .     t - +3 hand axe
rCold  . . .     Clarity  .     C - +0 scale mail
rNeg   + . .     SustAt   .     c - +0 shield
rPois  ∞         Gourm    .     B - +0 helmet
rElec  +         Spirit   .     G - +0 cloak
rCorr  .         Warding  .     i - +0 pair of gloves (curse)
rMut   .         Stasis   .     (no boots)
MR     .....                    (no amulet)
Stlth  ..........               (no ring)
                                A - -3 ring of intelligence (curse)

@: not resistant to hostile enchantments, extremely unstealthy
A: negative energy resistance 1, electricity resistance, unbreathing,
petrification resistance, rot immunity, AC +4
a: no special abilities


You were on level 4 of the Dungeon.
You were not hungry.

You visited 1 branch of the dungeon, and saw 4 of its levels.

You collected 258 gold pieces.

Inventory:

Hand weapons
 a - a +0 flail
 t - a +3 hand axe (weapon)
Armour
 b - a +0 scale mail
 c - a +0 shield (worn)
 i - a cursed +0 pair of gloves (worn)
 B - a +0 helmet (worn)
 C - a +0 scale mail (worn)
 G - a +0 cloak (worn)
Jewellery
 A - a cursed -3 ring of intelligence (left hand)
 H - an uncursed ring of fire
Magical devices
 I - a wand of magic darts (15)
Scrolls
 g - 2 scrolls of magic mapping {unknown}
 j - 2 scrolls of teleportation {unknown}
 k - a scroll of blinking {unknown}
 p - 3 scrolls of identify {unknown}
 q - a scroll of amnesia {unknown}
 r - a scroll of recharging {unknown}
 s - a scroll of enchant armour {unknown}
 x - a scroll of fog {unknown}
 y - 2 scrolls of remove curse {unknown}
 D - a scroll of enchant weapon {unknown}
Potions
 d - a potion of might
 f - a potion of curing {unknown}
 l - a potion of mutation {unknown}
 u - a potion of haste
 v - a potion of cancellation
 w - a potion of heal wounds {unknown}
 z - a potion of flight {unknown}
 E - a potion of agility {unknown}
Comestibles
 e - 3 bread rations
 h - 2 meat rations
 m - a fruit
 n - 2 beef jerkies
 o - a royal jelly
 F - a chunk of flesh


   Skills:
 + Level 7.2 Fighting
 - Level 2.0 Maces & Flails
 + Level 7.6 Armour
 - Level 3.2 Shields


You had 6 spell levels left.
You didn't know any spells.

Dungeon Overview and Level Annotations

Branches:
Dungeon (4/15)
 Temple: D:4-7

Altars:
The Shining One

Annotations:
D:4 Pikel


Innate Abilities, Weirdness & Mutations

You are resistant to torment.
Your stone body is resilient (AC +4).
You are immune to poison.
You resist negative energy.
You are resistant to electric shocks.
You can survive without breathing.
You are immune to petrification.
You are immune to rotting.


Message History

You miss Pikel.
Pikel is heavily wounded.
Pikel hits you but does no damage.
You closely miss Pikel.
Pikel is heavily wounded.
Pikel hits you with a whip of flaming. Pikel burns you.
You hit Pikel.
Pikel is heavily wounded.
Pikel hits you with a whip of flaming!
* * * LOW HITPOINT WARNING * * *
Pikel burns you.
* * * LOW HITPOINT WARNING * * *
You hit Pikel.
Pikel is severely wounded.
Pikel hits you with a whip of flaming.
* * * LOW HITPOINT WARNING * * *
Pikel burns you.
* * * LOW HITPOINT WARNING * * *
Pikel hits you with a whip of flaming!
You die...

######g.##
#.@Kppp..#
#.####p#.#
#.# #.#
#.# #.#
.## #.#
.#. #.# ..
#.# #.# .#
#.


You could see Pikel, 4 slaves and a hobgoblin.

Vanquished Creatures
  Grinder (D:4)
  Sigmund (D:3)
  Menkaure (D:4)
  Jessica (D:2)
  Natasha (thrice) (D:3)
  3 worker ants (D:4)
  Robin (D:3)
  4 adders
  4 gnolls (D:3)
  2 adder skeletons (D:4)
  A worm (D:2)
  5 giant geckos
  6 orcs (D:3)
  3 giant cockroaches
  15 goblins
  16 hobgoblins
  7 kobolds
  2 quokkas (D:2)
  13 bats
  4 giant newts
  10 rats
103 creatures vanquished.

Notes
Turn   | Place    | Note
--------------------------------------------------------------
     0 | D:1      | nono the Gargoyle Fighter began the quest for the Orb.
     0 | D:1      | Reached XP level 1. HP: 14/14 MP: 1/1
   127 | D:1      | Reached XP level 2. HP: 19/19 MP: 2/2
   358 | D:1      | Reached skill level 4 in Armour
   415 | D:1      | Reached XP level 3. HP: 24/24 MP: 3/3
  1187 | D:2      | Reached XP level 4. HP: 21/29 MP: 4/4
  1331 | D:2      | Found a glowing golden altar of the Shining One.
  1423 | D:2      | Noticed Jessica
  1439 | D:2      | Killed Jessica
  1439 | D:2      | Reached skill level 5 in Armour
  1550 | D:3      | Reached XP level 5. HP: 29/34 MP: 5/5
  1578 | D:3      | Noticed Natasha
  1591 | D:3      | Killed Natasha
  1643 | D:3      | Noticed Natasha
  1647 | D:3      | Killed Natasha
  1753 | D:3      | Noticed Sigmund
  1768 | D:3      | Killed Sigmund
  1768 | D:3      | Reached skill level 5 in Fighting
  1768 | D:3      | Reached skill level 6 in Armour
  1768 | D:3      | Reached XP level 6. HP: 25/41 MP: 6/6
  1956 | D:3      | Found a faded altar to an unknown god.
  1990 | D:3      | Noticed Robin
  2015 | D:3      | Killed Robin
  2046 | D:3      | Noticed Natasha
  2049 | D:3      | Killed Natasha
  2587 | D:4      | Noticed Grinder
  2587 | D:4      | Paralysed by Grinder for 5 turns
  2601 | D:4      | Paralysed by Grinder for 6 turns
  2610 | D:4      | Killed Grinder
  2610 | D:4      | Reached skill level 7 in Armour
  2610 | D:4      | Reached XP level 7. HP: 35/47 MP: 7/7
  2674 | D:4      | Noticed Menkaure
  2695 | D:4      | Killed Menkaure
  2954 | D:4      | Noticed Pikel
  2970 | D:4      | Slain by Pikel

Vault maps used:
D:1:      sevenhm_arrival_forest_fort_large_4
D:2:      nicolae_overflow_hidden_temple, first_bread, uniq_jessica
D:3:      ecumenical_altar_1, uniq_sigmund, uniq_natasha, uniq_robin
D:4:      kennysheep_vampire_church, uniq_menkaure, uniq_grinder, uniq_pikel

Action                   |  1- 3 |  4- 6 |  7- 9 || total
-------------------------+-------+-------+-------++-------
Melee: Flail             |   144 |    27 |       ||   171
       Hand axe          |       |   162 |    51 ||   213
Evoke: Wand              |       |       |     2 ||     2
  Use: Potion            |       |     1 |     2 ||     3
  Eat: Chunk             |     1 |     5 |     2 ||     8
